 Dungeon Sprint DCSS version 0.31-a0-18-gea43df2a32 (webtiles) character file.

Game seed: 6527960517243505077

0 Conn the Firebug (level 1, -5/11 HPs)
             Began as an Octopode Fire Elementalist on May 10, 2023.
             Slain by Ijyb
             ... wielding a +0 club
              (7 damage)
             ... while paralysed by Ijyb
             ... in the Dungeon (Sprint I: "Red Sonja").
             The game lasted 00:00:35 (18 turns).

Conn the Firebug (Octopode Fire Elementalist)         Turns: 18, Time: 00:00:35

Health: -5/11      AC:  1    Str:  7    XL:     1   Next: 0%
Magic:  2/3        EV:  2    Int: 17    God:
Gold:   0          SH:  0    Dex: 12    Spells: 3/4 levels left

rFire   . . .        (no weapon)
rCold   . . .        (no shield)
rNeg    . . .        (helmet restricted)
rPois   .            (no amulet)
rElec   .            (no ring)
rCorr   .            (no ring)
SInv    .            (no ring)
Will    .....        (no ring)
Stlth   +++          (no ring)
HPRegen 0.21/turn    (no ring)
MPRegen 0.08/turn    (no ring)
                     (no ring)

%: no teleportation
@: paralysed, on berserk cooldown, slowed
A: almost no armour, amphibious, 8 rings, camouflage 1, gelatinous body 1,
(nimble swimmer 1), tentacles
a: no special abilities


You were in the Dungeon.
You visited 1 branch

Inventory:

Scrolls
 f - a scroll of blinking
Potions
 a - 3 potions of magic
 b - a potion of curing
 c - a potion of heal wounds
 d - a potion of haste


   Skills:
 + Level 2.0 Dodging
 + Level 2.6 Stealth
 * Level 2.0 Spellcasting
 * Level 1.0 Conjurations
 + Level 3.0 Fire Magic


You had 3 spell levels left.
You knew the following spells:

 Your Spells              Type           Power      Damage    Failure   Level
a - Foxfire               Conj/Fire      32%        2x1d5     9%          1

Your spell library contained the following spells:

 Spells                   Type           Power      Damage    Failure   Level
 Scorch                   Fire           22%        2d5       9%          2
 Inner Flame              Hex/Fire       6%         N/A       30%         3
 Volatile Blastmotes      Fire/Tloc      12%        2d11      30%         3
 Flame Wave               Conj/Fire      8%         2d5       63%         4


Dungeon Overview and Level Annotations

Branches:
Dungeon (1/1)

Altars:

Annotations:
D Ijyb


Innate Abilities, Weirdness & Mutations

You cannot wear most types of armour.
You are amphibious.
You can wear up to eight rings at the same time.
Your skin changes colour to match your surroundings (Stealth+).
Your rubbery body absorbs attacks. (AC +1, EV +1)
((You are camouflaged when in or above water. (Stealth+)))
You have tentacles for arms and can constrict up to eight enemies at once.


Message History

There is an open door here.
You closely miss Ijyb. Your grab misses Ijyb.
Ijyb is lightly wounded.
Ijyb closely misses you.
You closely miss Ijyb. Your grab misses Ijyb.
Ijyb is lightly wounded.
You closely miss Ijyb. Your grab misses Ijyb.
Ijyb is lightly wounded.
Ijyb hits you with a +0 club.
You closely miss Ijyb. Your grab misses Ijyb.
Ijyb is lightly wounded.
Ijyb closely misses you.
You tentacle-slap Ijyb. Your grab misses Ijyb.
Ijyb is moderately wounded.
You tentacle-slap Ijyb but do no damage.
You grab Ijyb.
Ijyb is moderately wounded.
You constrict Ijyb, but do no damage. Ijyb hits you with a +0 club!
* * * LOW HITPOINT WARNING * * *
Press: ? - help, v - describe, . - travel
Here: Ijyb, wielding a +0 club, wearing a +1 ring mail of cold resistance and carrying a wand of paralysis (2) (moderately wounded, constricted by you)
The floor.
Unknown command.
Unknown command.
Unknown command.
You tentacle-slap Ijyb but do no damage.
Ijyb is moderately wounded.
You constrict Ijyb, but do no damage. You bludgeon Ijyb! You squeeze Ijyb!
Ijyb is almost dead.
You constrict Ijyb.
Ijyb zaps a wand.
You suddenly lose the ability to move!
You lose your grip on Ijyb.
You are no longer berserk.
You feel yourself slow down. Ijyb hits you with a +0 club.
* * * LOW HITPOINT WARNING * * *
Ijyb zaps a wand.
You resist with significant effort.
The now-empty wand crumbles to dust.
Ijyb hits you with a +0 club!
Ouch! That really hurt!
You die...

#######
#<.#..+
#..@g.#
#..####
#..#
#..#
#..#
#⌠⌠#
####


You could see Ijyb.

Vanquished Creatures (others)
  4 foxfires (D)
4 creatures vanquished.

Notes
Turn   | Place    | Note
-------+----------+-------------------------------------------
     0 | D        | Conn the Octopode Fire Elementalist began the quest for the
                  | Orb.
     0 | D        | Reached XP level 1. HP: 11/11 MP: 3/3
     4 | D        | Noticed Ijyb
     5 | D        | Paralysed by Ijyb for 2 turns
    15 | D        | Paralysed by Ijyb for 3 turns
    18 | D        | Slain by Ijyb

Illustrated notes

Levels and vault maps discovered:
D:        dungeon_sprint_1 [red_sonja_temple_1, red_sonja_temple_small_1]

Action                     || total
---------------------------++-------
  Melee: Unarmed           ||     8
         Constrict         ||     1
         Tentacles         ||     1
   Cast: Foxfire           ||     2
    Use: Potion            ||     1
  Dodge: Dodged            ||     2

Table legend: (Time is in decaauts)
 A = Elapsed time spent in this place.
 B = Non-inter-level travel time spent in this place.
 C = Inter-level travel time spent in this place.
 D = Time resting spent in this place.
 E = Time spent auto-exploring this place.
 F = Levels seen in this place.
 G = Mean time per level.
                   A        B        C        D        E       F      G
               +--------+--------+--------+--------+--------+-----+--------+
         Total |     14 |     14 |      0 |      0 |      0 |   1 |   14.0 |
       Dungeon |     14 |     14 |      0 |      0 |      0 |   1 |   14.0 |
               +--------+--------+--------+--------+--------+-----+--------+

Top non-repeatable levels by time:
       D: 14 daAuts
